 Dungeon Crawl Stone Soup version 0.29-a0-529-gfa20dd96a1 (webtiles) character file.

Game seed: 1277863077610542369

140 hquester1 the Shield-Bearer (level 5, -2/42 HPs)
             Began as a Formicid Fighter on June 1, 2022.
             Slain by a gnoll
             ... wielding a +0 spear
              (7 damage)
             ... on level 4 of the Dungeon.
             The game lasted 00:10:07 (3093 turns).

hquester1 the Shield-Bearer (Formicid Fighter)      Turns: 3093, Time: 00:10:08

Health: -2/42      AC:  7    Str: 21    XL:     5   Next: 46%
Magic:  5/5        EV:  9    Int:  7    God:
Gold:   124        SH:  5    Dex: 12    Spells: 4/4 levels left

rFire   . . .      SeeInvis +   a - +0 war axe
rCold   . . .      Faith    .   c - +0 buckler
rNeg    . . .      Spirit   .   b - +0 scale mail
rPois   +          Reflect  .   (helmet unavailable)
rElec   .          Harm     .   (no cloak)
rCorr   .          Rampage  .   (no gloves)
Will    .....                   (no boots)
Stlth   +.........              (no amulet)
HPRegen 0.14/turn               k - ring of poison resistance
MPRegen 0.09/turn               (no ring)

@: mighty
A: permanent stasis, dig shafts and tunnels, antennae 3, four strong arms
a: Dig, Shaft Self


You were on level 4 of the Dungeon.
You visited 1 branch of the dungeon, and saw 4 of its levels.

You collected 124 gold pieces.

Inventory:

Hand Weapons
 a - a +0 war axe (weapon)
 j - the +3 trident of the Establishment {freeze, Dex+4 Stlth+}
   (You found it on level 2 of the Dungeon)

   It freezes those it strikes, dealing additional cold damage.
   It can also slow down cold-blooded creatures.
   Dex:       It affects your dexterity (+4).
   Stlth:     It makes you more stealthy.
 q - a +2 dagger of electrocution
Armour
 b - a +0 scale mail (worn)
 c - a +0 buckler (worn)
Jewellery
 k - a ring of poison resistance (left hand)
 o - a ring of resist corrosion
Scrolls
 e - a scroll of silence {unknown}
 f - a scroll of enchant weapon {unknown}
 g - 2 scrolls of identify {unknown}
 h - a scroll of vulnerability {unknown}
 l - 5 scrolls of teleportation {unknown}
 m - a scroll of enchant armour {unknown}
 n - a scroll of immolation {unknown}
 p - a scroll of acquirement {unknown}
 r - a scroll of noise {unknown}
 s - 2 scrolls of magic mapping {unknown}
Potions
 d - a potion of might
 i - a potion of curing {unknown}
 t - a potion of brilliance {unknown}
 u - a potion of attraction {unknown}
 v - a potion of haste


   Skills:
 + Level 4.0 Fighting
 + Level 2.9 Axes
 + Level 4.1 Armour
 + Level 2.4 Stealth
 + Level 5.0 Shields


You had 4 spell levels left.
You didn't know any spells.
Your spell library was empty.

Dungeon Overview and Level Annotations

Branches:
Dungeon (4/15)
 Temple: D:4-7

Altars:
Gozag

Shops:
D:1 ?   D:2 ((([(


Innate Abilities, Weirdness & Mutations

You cannot be hasted, slowed, berserked, paralysed or teleported.
You can dig through walls and to a lower floor.
You have a pair of large antennae on your head. (SInv)
Your four strong arms can wield two-handed weapons with a shield.


Message History

The gnoll hits you from afar with a +0 spear.
The hobgoblin hits you.
You slash the hobgoblin!
You kill the hobgoblin!
The gnoll hits you from afar with a +0 spear.
You slash the kobold!
You kill the kobold!
The gnoll hits you from afar with a +0 spear.
The gnoll barely misses you. The gnoll hits you with a +0 club.
You closely miss the gnoll. The gnoll closely misses you.
The gnoll hits you but does no damage.
You barely miss the gnoll.
The gnoll hits you from afar with a +0 spear!
The gnoll barely misses you.
You completely miss the gnoll. The gnoll hits you but does no damage.
The gnoll closely misses you. The gnoll barely misses you.
The gnoll hits you from afar with a +0 spear.
You block the gnoll's attack. The gnoll barely misses you.
You closely miss the gnoll. The gnoll hits you but does no damage.
The gnoll closely misses you. The gnoll hits you but does no damage.
You hit the gnoll but do no damage.
The gnoll hits you from afar with a +0 spear!
* * * LOW HITPOINT WARNING * * *
The gnoll hits you from afar with a +0 spear.
* * * LOW HITPOINT WARNING * * *
The gnoll hits you with a +0 club.
* * * LOW HITPOINT WARNING * * *
The gnoll hits you from afar with a +0 spear.
* * * LOW HITPOINT WARNING * * *
The gnoll hits you but does no damage. You block the gnoll's attack.
You slash the gnoll!
The gnoll is severely wounded.
The gnoll hits you from afar with a +0 spear.
* * * LOW HITPOINT WARNING * * *
The gnoll hits you from afar with a +0 spear.
* * * LOW HITPOINT WARNING * * *
The gnoll barely misses you.
You feel very mighty all of a sudden.
The gnoll hits you from afar with a +0 spear!
You die...

#. #.# #.. #
##.## .#
##...## ##.(#
##...?.###....#
#......gg@.#
#......g####
#.......#
##...<.$#
#.....##
#.....g(#
#.>!.g..#
#.......#
##.....##


You could see 3 gnolls.

Vanquished Creatures
  A gnoll (D:4)
  An adder (D:2)
  4 worms
  4 dart slugs
  6 orcs (D:3)
  8 endoplasms
  4 giant cockroaches
  13 goblins
  4 hobgoblins
  7 jackals
  3 quokkas
  5 ball pythons
  3 bats (D:2)
  4 frilled lizards
  6 kobolds
  22 rats
95 creatures vanquished.

Vanquished Creatures (others)
  2 plants (D:1)
2 creatures vanquished.

Grand Total: 97 creatures vanquished

Notes
Turn   | Place    | Note
-------+----------+-------------------------------------------
     0 | D:1      | hquester1 the Formicid Fighter began the quest for the Orb.
     0 | D:1      | Reached XP level 1. HP: 18/18 MP: 1/1
   125 | D:1      | Reached XP level 2. HP: 23/24 MP: 2/2
   219 | D:1      | Reached XP level 3. HP: 26/29 MP: 3/3
   388 | D:1      | Reached skill level 1 in Stealth
   664 | D:1      | Found Piru's Magic Scroll Shoppe.
   790 | D:2      | Identified the +3 trident of the Establishment {freeze,
                  | Dex+4 Stlth+}
   887 | D:2      | Found Fiecea's Antique Weapon Boutique.
  1013 | D:2      | Reached XP level 4. HP: 27/37 MP: 4/4
  1145 | D:2      | Found Fuxaer's Antique Armour Shoppe.
  1304 | D:2      | Found Raemozui's Weapon Emporium.
  1313 | D:2      | Found Buczoqoh's Antique Weapon Shoppe.
  1391 | D:2      | Found Goexte's Weapon Boutique.
  1919 | D:3      | Reached XP level 5. HP: 38/42 MP: 5/5
  2823 | D:3      | Found an opulent altar of Gozag.
  3084 | D:4      | Reached skill level 5 in Shields
  3093 | D:4      | Slain by a gnoll

Illustrated notes

Levels and vault maps discovered:
D:1:      denvon_arrival_planthouse, layout_rooms, serial_shops, shop,
          minmay_hexomino_u4
D:2:      minmay_door_path, layout_basic, serial_shops,
          nicolae_shop_temple_entry_statues_fountains, shop,
          nicolae_lakefront_shop, nicolae_shop_overgrown_old_shop,
          nicolae_shop_bloodbath_and_beyond, minmay_rat_gold_closets
D:3:      layout_loops_corners, marbit_many_paths, corexii_hall_statues_i
D:4:      layout_rooms, mainiacjoe_overflow_paths,
          chequers_temple_overflow_statue_of_worship,
          minmay_temple_entry_butterflies

Skill      XL: |  1  2  3  4  5 |
---------------+----------------+-----
Stealth        | 1 2 |  2.4
Fighting       | 4 |  4.0
Armour         | 4 |  4.1
Shields        | 5 |  5.0
Axes           | |  2.9

Action                   |  1- 3 |  4- 6 || total
-------------------------+-------+-------++-------
Melee: War axe           |    92 |   161 ||   253
  Use: Potion            |       |     1 ||     1
Armor: Scale mail        |    34 |    53 ||    87
Dodge: Dodged            |    36 |    66 ||   102
Block: Buckler           |    20 |    29 ||    49

Table legend: (Time is in decaauts)
 A = Elapsed time spent in this place.
 B = Non-inter-level travel time spent in this place.
 C = Inter-level travel time spent in this place.
 D = Time resting spent in this place.
 E = Time spent auto-exploring this place.
 F = Levels seen in this place.
 G = Mean time per level.
                   A        B        C        D        E       F      G
               +--------+--------+--------+--------+--------+-----+--------+
         Total |   3192 |   3164 |     28 |      0 |   2251 |   4 |  798.0 |
       Dungeon |   3192 |   3164 |     28 |      0 |   2251 |   4 |  798.0 |
               +--------+--------+--------+--------+--------+-----+--------+

Top non-repeatable levels by time:
     D:3: 1315 daAuts
     D:2: 1057 daAuts
     D:1: 796 daAuts
     D:4: 22 daAuts
